 Dungeon Crawl Stone Soup version 0.25-a0-1133-g93ebf739aa (webtiles) character file.

Game seed: 3876117084268212656, levelgen mode: classic

2298 EnegeticOcto the Fighter (level 9, -6/99 HPs)
             Began as an Octopode Chaos Knight on May 21, 2020.
             Was a Plaything of Xom.
             Mangled by a two-headed ogre
             ... wielding a +0 giant club
              (8 damage)
             ... on level 8 of the Dungeon.
             The game lasted 00:07:53 (6901 turns).

EnegeticOcto the Fighter (Octopode Chaos Knight)    Turns: 6901, Time: 00:07:55

Health: -6/99      AC:  3    Str: 10 (11) XL:     9   Next: 40%
Magic:  20/20      EV: 17    Int: 15      God:    Xom [*.....]
Gold:   411        SH:  0    Dex: 16      Spells: 8/8 levels left

rFire    . . .     SeeInvis .   p - +0 falchion (freeze)
rCold    + . .     Gourm    .   (no shield)
rNeg     + . .     Faith    .   (helmet restricted)
rPois    .         Spirit   .   (no amulet)
rElec    .         Reflect  .   o - ring of wizardry
rCorr    .         Harm     .   s - ring of positive energy
MR       +....                  v - ring of magical power
Stlth    ..........             (no ring)
HPRegen  0.26/turn              (no ring)
MPRegen  0.17/turn              (no ring)
                                (no ring)
                                (no ring)

@: berserking, lethally poisoned (-6 -> -17), very quick
A: almost no armour, stealthy swim, amphibious, 8 rings, constrict 8, repulsion
field 1, thin metallic scales 1, camouflage 1, agile 1, cold resistance 1,
deterioration 1, magic resistance 1, screaming 1, gelatinous body 1
a: Renounce Religion


You were on level 8 of the Dungeon.
You worshipped Xom.
You were a special plaything of Xom.
You were not hungry.

You visited 1 branch of the dungeon, and saw 8 of its levels.

You collected 411 gold pieces.

Inventory:

Hand Weapons
 a - a +1 falchion of chaos
 p - a +0 falchion of freezing (weapon)
Missiles
 k - 7 silver javelins (quivered)
Jewellery
 o - a ring of wizardry (left tentacle)
 s - a ring of positive energy (right tentacle)
 v - a ring of magical power (on tentacle)
Wands
 m - a wand of random effects (37)
Scrolls
 b - a scroll of enchant weapon
 f - a scroll of immolation
 i - a scroll of fog {!r}
 j - 2 scrolls of remove curse {@r2}
 r - a scroll of magic mapping {@r5 !r}
Potions
 c - a potion of cancellation
 d - 4 potions of curing {@q1 !q}
 g - a potion of invisibility {unknown}
 l - 2 potions of magic
 n - a potion of stabbing {@q5 !q}
 t - a potion of berserk rage
 u - a potion of heal wounds {unknown}
Comestibles
 e - 11 rations
 h - 3 chunks of flesh


   Skills:
 + Level 8.0 Fighting
 + Level 8.0 Long Blades
 + Level 3.9 Dodging
 + Level 6.1 Stealth
 + Level 3.2 Evocations


You had 8 spell levels left.
You didn't know any spells.
Your spell library contained the following spells:

 Spells                   Type           Power        Failure   Level  Hunger
 Animate Skeleton         Necr           N/A          11%         1    ##.....
 Apportation              Tloc           #.....       11%         1    ##.....
 Corona                   Hex            #......      11%         1    ##.....
 Summon Small Mammal      Summ           #...         11%         1    ##.....


Dungeon Overview and Level Annotations

Branches:
Dungeon (8/15)             Temple (0/1) D:6
   Lair: D:8-11

Altars:
Okawaru
Trog
Xom

Annotations:
D:4 1 runed translucent door, Voker57's ghost, amateur SpBe
D:6 3 runed translucent doors, Conn's ghost, weakling OpWz; feamirim's ghost, novice MiFi; mandick's ghost, novice OpWz; pljop's ghost, novice KoSu; voshxx's ghost, novice OpFE


Innate Abilities, Weirdness & Mutations

You cannot wear most types of armour.
You are very stealthy in the water. (Stealth+)
You are amphibious.
You can wear up to eight rings at the same time.
You can use your tentacles to constrict eight enemies at once.
Your skin changes colour to match your surroundings (Stealth+).
Your rubbery body absorbs attacks. (AC +1, EV +1)
You are surrounded by a mild repulsion field. (EV +2)
You are partially covered in thin metallic scales. (AC +2)
You are agile. (Dex +2)
Your flesh is cold resistant. (rC+)
Your body sometimes deteriorates upon taking damage.
You are resistant to hostile enchantments. (MR+)
You occasionally shout uncontrollably at your foes.


Message History

You completely miss the quokka. You grab the quokka. You squeeze the quokka.
You kill the quokka!
Eating one of 2 chunks of flesh.
You eat one of the 2 chunks of flesh.
This raw flesh tastes terrible.
You butcher the quokka corpse.
h - 3 chunks of flesh (gained 2)
You see here a quokka skeleton. x2
Done exploring.
Done exploring.
Done exploring.
Done exploring.
Search for what [Enter for "."]? .
Unknown command.
(D) Dungeon (T) Temple
Where to? (Enter - D:7, ? - help)
There is a stone staircase leading down here.
You climb downwards.
There is a stone staircase leading up here.
Found 18 sling bullets.
Found a ring mail.
A water moccasin comes into view.
You shout at the water moccasin!
The water moccasin hisses angrily.
You hear an angry hiss.
You hear a shout!
A wyvern comes into view.
You closely miss the water moccasin.
The wyvern hisses angrily.
Your grab misses the water moccasin. You squeeze the water moccasin.
The water moccasin is lightly wounded.
The water moccasin bites you!
You are poisoned.
The water moccasin poisons you! The water moccasin barely misses you.
You riposte.
You closely miss the water moccasin. Your grab misses the water moccasin.
The water moccasin is lightly wounded.
You closely miss the water moccasin. You grab the water moccasin.
The water moccasin is lightly wounded.
You constrict the water moccasin.
You feel sick.
A two-headed ogre comes into view. It is wielding two +0 giant clubs.
You shout at the two-headed ogre!
The water moccasin bites you.
You hit the water moccasin.
The water moccasin seems to slow down.
You freeze the water moccasin.
The water moccasin is moderately wounded.
You constrict the water moccasin.
You feel sick. The water moccasin bites you.
You are more poisoned.
The water moccasin poisons you!
You hit the water moccasin. You freeze the water moccasin.
Your squeeze misses the water moccasin.
The water moccasin is moderately wounded.
You constrict the water moccasin.
You feel sick. The wyvern closely misses you.
The water moccasin completely misses you.
You riposte.
You hit the water moccasin. You freeze the water moccasin.
You squeeze the water moccasin, but do no damage.
The water moccasin is heavily wounded.
You hit the water moccasin. You freeze the water moccasin.
Your squeeze misses the water moccasin.
The water moccasin is severely wounded.
You constrict the water moccasin.
You feel sick. The wyvern barely misses you.
You hit the water moccasin.
The water moccasin seems to slow down.
You freeze the water moccasin.
The water moccasin is almost dead.
You constrict the water moccasin.
You kill the water moccasin!
Your Fighting skill increases to level 8!
Your Evocations skill increases to level 3!
You feel sick. The wyvern misses you.
You riposte.
You hit the wyvern. You freeze the wyvern.
You squeeze the wyvern, but do no damage.
The wyvern is lightly wounded.
The wyvern bites you!
Your body deteriorates!
You feel weakened.
You are too injured to fight recklessly!
There are monsters nearby!
There are monsters nearby!
Okay, then.
Okay, then.
Okay, then.
A red film seems to cover your vision as you go berserk!
You feel yourself moving faster!
You feel mighty!
You feel sick. The wyvern closely misses you.
You riposte.
You hit the wyvern. You freeze the wyvern.
The wyvern is moderately wounded.
You barely miss the wyvern.
The wyvern is moderately wounded.
You feel sick. The wyvern bites you!
* * * LOW HITPOINT WARNING * * *
You slash the wyvern! You freeze the wyvern.
You kill the wyvern!
You feel your dexterity returning.
Your Long Blades skill increases to level 8!
Your Stealth skill increases to level 6!
You feel sick.
You hit the two-headed ogre. You freeze the two-headed ogre.
You squeeze the two-headed ogre.
The two-headed ogre is moderately wounded.
You feel sick.
The two-headed ogre hits you with a +0 giant club!!
* * * LOW HITPOINT WARNING * * *
The two-headed ogre hits you with a +0 giant club!
You die...
Xom is highly amused!

.....[..#
...........#
...........#
...........#
...........#
...........#
...........#
......†O...##########
.......@.............
...#.#...............
#####(.#........
.................
#########.######
#<....# #.###+# #.#
#.#


You could see a two-headed ogre.

Vanquished Creatures
  Sigmund (D:2)
  A wyvern (D:8)
  A hungry ghost (D:7)
  A water moccasin (D:8)
  An ice beast (D:7)
  A phantom (D:5)
  An ogre (D:5)
  A centaur (D:6)
  A big kobold (D:5)
  4 bullfrogs
  A scorpion (D:4)
  A water moccasin skeleton (D:6)
  A howler monkey (D:5)
  3 crimson imps
  A quasit (D:6)
  An orc priest (D:4)
  A jelly (D:6)
  3 orc wizards
  A gnoll shaman (D:4)
  2 hounds
  Terence (D:3)
  Jessica (D:2)
  3 iguanas
  8 worker ants
  A killer bee zombie (D:6)
  A hound skeleton (D:7)
  A worker ant zombie (D:5)
  8 adders
  3 gnolls (D:4)
  A shadow imp (D:5)
  An adder skeleton (D:7)
  2 worms
  2 dart slugs
  6 leopard geckos
  22 orcs
  4 giant cockroaches
  7 hobgoblins
  4 jackals (D:2)
  5 kobolds
  5 quokkas
  A ball python (D:2)
  A ball python skeleton (D:5)
  11 bats
  2 frilled lizards (D:1)
  8 goblins
  A quokka zombie (D:3)
  4 rats
142 creatures vanquished.

Vanquished Creatures (others)
  A wizard (D:4)
  A worm (D:2)
  A hobgoblin (D:2)
3 creatures vanquished.

Grand Total: 145 creatures vanquished

Notes
Turn   | Place    | Note
-------+----------+-------------------------------------------
     0 | D:1      | EnegeticOcto the Octopode Chaos Knight began the quest for
                  | the Orb.
     0 | D:1      | Reached XP level 1. HP: 16/16 MP: 1/1
    78 | D:1      | Reached skill level 1 in Stealth
    88 | D:1      | Reached XP level 2. HP: 12/21 MP: 2/2
   434 | D:1      | XOM: silly message
   623 | D:1      | Reached XP level 3. HP: 23/26 MP: 3/3
  1089 | D:2      | Noticed Jessica
  1097 | D:2      | XOM: silly message
  1113 | D:2      | Reached XP level 4. HP: 23/31 MP: 4/4
  1128 | D:2      | Killed Jessica
  1545 | D:2      | Reached XP level 5. HP: 33/37 MP: 5/5
  1728 | D:2      | XOM is BORED!
  1728 | D:2      | XOM: silly message
  1743 | D:2      | Noticed Sigmund
  1752 | D:2      | Killed Sigmund
  1752 | D:2      | Reached XP level 6. HP: 30/45 MP: 6/6
  2052 | D:3      | XOM: give mutation
  2052 | D:3      | Gained mutation: Your body sometimes deteriorates upon
                  | taking damage. [Xom's mischief]
  2076 | D:3      | Noticed Terence
  2081 | D:3      | Killed Terence
  2081 | D:3      | Reached skill level 5 in Long Blades
  2179 | D:3      | XOM: give mutation
  2179 | D:3      | Gained mutation: Your muscles are strong. (Str +2) [Xom's
                  | mischief]
  2373 | D:3      | Reached skill level 5 in Fighting
  2402 | D:3      | XOM: give mutations
  2402 | D:3      | Gained mutation: You are resistant to hostile enchantments.
                  | (MR+) [Xom's grace]
  2402 | D:3      | Gained mutation: Your flesh is cold resistant. (rC+) [Xom's
                  | grace]
  2402 | D:3      | Gained mutation: You possess an exceptional clarity of
                  | mind. [Xom's grace]
  2402 | D:3      | Gained mutation: You are partially covered in thin metallic
                  | scales. (AC +2) [Xom's grace]
  2429 | D:3      | XOM: give mutations
  2429 | D:3      | Gained mutation: You are partially covered in iridescent
                  | scales. (AC +2) [Xom's grace]
  2429 | D:3      | Gained mutation: You are surrounded by a mild repulsion
                  | field. (EV +2) [Xom's grace]
  2429 | D:3      | Gained mutation: You are agile. (Dex +2) [Xom's grace]
  2429 | D:3      | Gained mutation: You are very agile. (Dex +4) [Xom's grace]
  2546 | D:3      | XOM: scenery: create altars
  2814 | D:4      | XOM: fog
  2911 | D:3      | XOM: scenery: create altars
  3025 | D:4      | XOM: silly message
  3080 | D:4      | XOM: silly message
  3085 | D:4      | Reached XP level 7. HP: 47/50 MP: 7/7
  3125 | D:4      | XOM: 3-stop teleportation journey
  3243 | D:4      | XOM: 2-stop teleportation journey
  3346 | D:4      | XOM: give mutations
  3346 | D:4      | Lost mutation: You possess an exceptional clarity of mind.
                  | [Xom's mischief]
  3346 | D:4      | Lost mutation: Your muscles are strong. (Str +2) [Xom's
                  | mischief]
  3421 | D:4      | Found an iron altar of Okawaru.
  3556 | D:4      | XOM is BORED!
  3796 | D:4      | Found a bloodstained altar of Trog.
  3799 | D:4      | Noticed a wizard
  3804 | D:4      | Killed a wizard
  3857 | D:4      | Noticed Voker57's ghost (amateur SpBe)
  3860 | D:4      | Found a runed translucent door.
  3863 | D:4      | XOM: cloud trail
  3881 | D:4      | XOM: 1-stop teleportation journey
  4179 | D:5      | Entered Level 5 of the Dungeon
  4186 | D:5      | XOM: enchant monster (good)
  4536 | D:5      | XOM: potion effect (might)
  4540 | D:5      | Reached XP level 8. HP: 58/58 MP: 8/8
  5094 | D:6      | XOM: smoke on damage
  5259 | D:6      | Reached skill level 1 in Evocations
  5305 | D:6      | Found a staircase to the Ecumenical Temple.
  5307 | D:6      | XOM: god gift: scale mail {god gift}
  5541 | D:6      | Found a runed translucent gate.
  5541 | D:6      | Found a runed translucent gate.
  5541 | D:6      | Noticed Conn's ghost (weakling OpWz)
  5541 | D:6      | Noticed voshxx's ghost (novice OpFE)
  5541 | D:6      | Noticed pljop's ghost (novice KoSu)
  5542 | D:6      | Found a runed translucent gate.
  5542 | D:6      | Noticed mandick's ghost (novice OpWz)
  5542 | D:6      | Noticed feamirim's ghost (novice MiFi)
  5673 | D:6      | XOM: give mutations
  5673 | D:6      | Gained mutation: You occasionally shout uncontrollably at
                  | your foes. [Xom's mischief]
  5673 | D:6      | Lost mutation: You are partially covered in iridescent
                  | scales. (AC +2) [Xom's mischief]
  5693 | D:6      | Reached skill level 5 in Stealth
  5758 | D:6      | Reached XP level 9. HP: 56/64 MP: 10/10
  5857 | D:6      | XOM: summons 4 hostile shadow creatures
  6458 | D:7      | XOM: swap monsters
  6476 | D:7      | XOM: give mutation
  6476 | D:7      | Lost mutation: You are very agile. (Dex +4) [Xom's
                  | mischief]
  6652 | D:7      | XOM: summons 5 hostile demons
  6893 | D:8      | Noticed a two-headed ogre
  6901 | D:8      | HP: 2/99 [two-headed ogre/+0 giant club (19)]
  6901 | D:8      | Mangled by a two-headed ogre

Illustrated notes

Levels and vault maps discovered:
D:1:      nzn_arrival_depleted_hourglass, layout_rooms, corexii_hall_statues_x
D:2:      layout_basic, minmay_tall_x, uniq_jessica, uniq_sigmund
D:3:      layout_basic, serial_curves, eino_curves_02, eino_curves_02,
          uniq_terence
D:4:      layout_basic, nicolae_overflow_crystal_walls,
          hellmonk_ghost_happy_afterlife, first_ration, trog_wizard
D:5:      layout_rooms, kennysheep_generic_room_6
D:6:      layout_gridville, minmay_temple_entry_arrows, gammafunk_ghost_cemetery
D:7:      layout_basic, kennysheep_decorative_pillar
D:8:      layout_basic, lemuel_mausoleum_altar_kikubaaqudgha,
          chequers_temple_overflow_statue_of_worship, grunt_ogre_cave

Skill      XL: |  1  2  3  4  5  6  7  8  9 |
---------------+----------------------------+-----
Stealth        | 2 3 4 5 6 |  6.1
Fighting       | 4 5 6 7 8 |  8.0
Long Blades    | 4 5 6 7 8 |  8.0
Evocations     | 2 3 |  3.2
Dodging        | 3 |  3.9

Action                   |  1- 3 |  4- 6 |  7- 9 || total
-------------------------+-------+-------+-------++-------
Melee: Falchion          |    65 |    77 |   251 ||   393
       Constrict         |    23 |    30 |    67 ||   120
       Tentacles         |    10 |    28 |    82 ||   120
Throw: Javelin           |       |       |     1 ||     1
  Use: Scroll            |     2 |     9 |     6 ||    17
       Potion            |       |       |     1 ||     1
 Stab: Sleeping          |     5 |     7 |    12 ||    24
       Paralysed         |       |       |     2 ||     2
  Eat: Chunk             |     1 |     5 |    16 ||    22
Armor: Skin              |    13 |     4 |    43 ||    60
Dodge: Dodged            |    65 |    53 |   232 ||   350
       Rpst.: Falchion   |    12 |    16 |    51 ||    79

Table legend:
 A = Non-vault XP
 B = Vault XP
 C = Vault XP percentage of total XP
 D = Non-vault monster count
 E = Vault monster count
 F = Vault count percentage of total count
                 A         B        C        D         E       F
            +---------+---------+-------+---------+---------+-------
      Total |    2861 |     423 |  12.9 |     136 |       8 |   5.6
            +---------+---------+-------+---------+---------+-------
        D:1 |      40 |       0 |   0.0 |      22 |       0 |   0.0
        D:2 |     102 |     258 |  71.7 |      22 |       6 |  21.4
        D:3 |      93 |      38 |  29.0 |      22 |       1 |   4.3
        D:4 |     438 |       0 |   0.0 |      21 |       0 |   0.0
        D:5 |     621 |     127 |  17.0 |      24 |       1 |   4.0
        D:6 |     636 |       0 |   0.0 |      10 |       0 |   0.0
        D:7 |     573 |       0 |   0.0 |      13 |       0 |   0.0
        D:8 |     358 |       0 |   0.0 |       2 |       0 |   0.0
            +---------+---------+-------+---------+---------+-------
